 Dungeon Sprint DCSS version 0.24.1-8-ga250c9d538 (webtiles) character file.

Game seed: 11347253465163086417, levelgen mode: deterministic

21 Doot the Magician (level 2, 12/15 HPs)
             Began as a Tengu Wizard on Apr 30, 2020.
             Quit the game in the Dungeon (Sprint III: "The Ten Rune Challenge").
             The game lasted 00:00:44 (294 turns).

Doot the Magician (Tengu Wizard)                     Turns: 294, Time: 00:00:44

Health: 12/15      AC:  2    Str:  7    XL:     2   Next: 83%
Magic:  9/9        EV: 13    Int: 18    God:
Gold:   0          SH:  0    Dex: 12    Spells: 10/11 levels left

rFire    . . .     SeeInvis .   (no weapon)
rCold    . . .     Gourm    .   (no shield)
rNeg     . . .     Faith    .   a - +0 robe
rPois    .         Spirit   .   b - +0 hat
rElec    .         Reflect  .   (no cloak)
rCorr    .         Harm     .   (no gloves)
MR       .....     NoTele   +   (boots unavailable)
Stlth    ++........             (no amulet)
HPRegen  0.05/turn              (no ring)
MPRegen  0.11/turn              (no ring)

@: lethally poisoned (12 -> -3)
A: beak, talons 3
a: no special abilities


You were in the Dungeon.
You were not hungry.

You visited 1 branch

Inventory:

Armour
 a - a +0 robe (worn)
 b - a +0 hat (worn)
Scrolls
 j - a scroll of blinking
Potions
 e - a potion of curing
 f - a potion of heal wounds
 g - a potion of haste
 h - 2 potions of magic
Comestibles
 c - a chunk of flesh
 d - 3 rations


   Skills:
 + Level 3.1 Dodging
 + Level 2.3 Stealth
 + Level 0.2 Unarmed Combat
 + Level 5.2 Spellcasting
 + Level 2.0 Conjurations
   Level 1.2 Summonings
   Level 0.7 Translocations


You had 10 spell levels left.
You knew the following spells:

 Your Spells              Type           Power        Failure   Level  Hunger
a - Magic Dart            Conj           ##..         6%          1    None

Your spell library contained the following spells:

 Spells                   Type           Power        Failure   Level  Hunger
 Call Imp                 Summ           #.......     12%         2    #......
 Blink                    Tloc           N/A          14%         2    #......
 Slow                     Hex            #.......     21%         2    #......
 Conjure Flame            Conj/Fire      #.......     26%         3    ##.....
 Mephitic Cloud           Conj/Pois/Air  #.......     30%         3    ##.....


Dungeon Overview and Level Annotations

Branches:
Dungeon (1/1)

Altars:


Innate Abilities, Weirdness & Mutations

You have a beak for a mouth.
You have claws for feet.


Message History

You recover from your berserk rage.
You start resting.
Magic restored.
You start resting.
Some of the chunks of flesh in your inventory have rotted away.
You start resting.
HP restored.
A scorpion comes into view.
Memorise Call Imp, consuming 2 spell levels and leaving 8?
You start memorising the spell.
You continue memorising.
The scorpion stings you.
Your memorisation is interrupted.
You are lethally poisoned!
The scorpion poisons you!
Unknown command.
Unknown command.
Casting: Magic Dart (safe; 6% risk of failure)
Confirm with . or Enter, or press ? or * to list all spells.
Okay, then.
Unknown command.
Unknown command.
Are you sure you want to abandon this character and quit the game? (Confirm with "yes".)

▓...#......##
▓..##.......# .#
▓##.##.##...# .#
##.##.###..# ..#
▓#.####.##..# ...+
▓.###..##..##
#...# ▓#.....##..#
#....#
###..##...##.....#
##..##...@#......#
#..###..##s#.....#
#..# #.. ####....#
▓▓▓▓ ▓▓▓ ▓▓▓▓▓


You could see a scorpion.

Vanquished Creatures
  A human (D)
  4 rats (D)
5 creatures vanquished.

Vanquished Creatures (others)
  A draconian scorcher (D)
  6 hellions (D)
  A yaktaur (D)
8 creatures vanquished.

Grand Total: 13 creatures vanquished

Notes
Turn   | Place    | Note
-------+----------+-------------------------------------------
     0 | D        | Doot the Tengu Wizard began the quest for the Orb.
     0 | D        | Reached XP level 1. HP: 10/10 MP: 5/5
    47 | D        | Killed a hellion
    97 | D        | Killed a hellion
    99 | D        | Killed a hellion
    99 | D        | Killed a hellion
   120 | D        | Reached skill level 5 in Spellcasting
   120 | D        | Reached XP level 2. HP: 9/15 MP: 0/9
   153 | D        | Killed a hellion
   169 | D        | Killed a white draconian scorcher
   177 | D        | Killed a hellion
   177 | D        | Killed a yaktaur
   289 | D        | Noticed a scorpion
   294 | D        | Quit the game

Levels and vault maps discovered:
D:        dungeon_sprint_mu [sprint_mu_entry_cave, sprint_mu_temple_rooms,
          sprint_mu_d1_spiders, sprint_mu_d2_genie, sprint_mu_d3_branching,
          sprint_mu_orc_legion, sprint_mu_elf_gauntlet, sprint_mu_hive_nellie,
          sprint_mu_lair_fedhas, sprint_mu_vaults_butterflies,
          sprint_mu_slime_circle, sprint_mu_swamp_cave, sprint_mu_shoals_kraken,
          sprint_mu_blade_basic, sprint_mu_crypt_chambers,
          sprint_mu_tomb_spiral, sprint_mu_vestibule_basic,
          sprint_mu_gehenna_hellfire, sprint_mu_dis_giant,
          sprint_mu_tartarus_statrot, sprint_mu_cocytus_islands, sprint_mu_zot1]

Skill      XL: |  1 |
---------------+----+-----
Dodging        | 3 |  3.1
Spellcasting   | 5 |  5.2
Conjurations   | 2 |  2.0
Stealth        | |  2.3
Unarmed Combat | |  0.2
Summonings     | |  1.2
Translocations | |  0.7

Action                   || total
-------------------------++-------
Melee: Unarmed           ||     5
       Peck              ||     2
       Kick              ||     1
 Cast: Magic Dart        ||    13
  Use: Potion            ||     1
Armor: Robe              ||     1
Dodge: Dodged            ||     6
